 Dungeon Crawl Stone Soup version 0.28-a0-1429-gf3d713df7a (webtiles) character file.

Game seed: 11817100502062334549

39 browni3141 the Shield-Bearer (level 3, -1/29 HPs)
             Began as a Human Fighter on Jan 8, 2022.
             Slain by Sigmund (3 damage)
             ... on level 2 of the Dungeon.
             The game lasted 00:01:01 (1261 turns).

browni3141 the Shield-Bearer (Human Fighter)        Turns: 1261, Time: 00:01:02

Health: -1/29      AC:  6    Str: 18    XL:     3   Next: 67%
Magic:  3/3        EV:  9    Int:  8    God:
Gold:   16         SH:  5    Dex: 12    Spells: 2/2 levels left

rFire   . . .      SeeInvis .   a - +0 long sword
rCold   . . .      Faith    .   c - +0 buckler
rNeg    . . .      Spirit   .   b - +0 scale mail
rPois   .          Reflect  .   (no helmet)
rElec   .          Harm     .   (no cloak)
rCorr   .          Rampage  .   (no gloves)
Will    .....                   (no boots)
Stlth   ..........              (no amulet)
HPRegen 0.09/turn               (no ring)
MPRegen 0.08/turn               (no ring)

@: mighty, slowed, very slow
A: no striking features
a: no special abilities


You were on level 2 of the Dungeon.
You visited 1 branch of the dungeon, and saw 2 of its levels.

You collected 16 gold pieces.

Inventory:

Hand Weapons
 a - a +0 long sword (weapon)
Armour
 b - a +0 scale mail (worn)
 c - a +0 buckler (worn)
Scrolls
 g - a scroll of immolation {unknown}
 i - a scroll of blinking {unknown}
Potions
 e - a potion of heal wounds {unknown}
 f - a potion of brilliance {unknown}
 h - 2 potions of curing {unknown}


   Skills:
 - Level 3.0 Fighting
 - Level 2.0 Long Blades
 - Level 3.0 Armour
 * Level 4.4 Shields


You had 2 spell levels left.
You didn't know any spells.
Your spell library was empty.

Dungeon Overview and Level Annotations

Branches:
Dungeon (2/15)

Altars:

Shops:
D:2 ?

Annotations:
D:2 Sigmund


Message History

Found a shadowed robe.
There is an entrance to Eruts's Magic Scroll Shop here.
Jessica the Apprentice Sorceress comes into view.
She is wielding a +0 dagger.
Jessica mumbles some strange words.
Jessica seems to speed up.
There is an escape hatch in the ceiling here.
Found 19 stones.
Found a stone staircase leading down.
You see here the +0 robe of Follow the Leader {rF+}.
Jessica casts a spell at you. You resist with some effort.
You closely miss Jessica. Jessica gestures at you while chanting.
You feel yourself slow down.
Jessica gestures wildly while chanting.
Jessica blinks!
You feel very mighty all of a sudden. Jessica hits you but does no damage.
Jessica hits you with a +0 dagger.
You hit Jessica.
Jessica is heavily wounded.
Jessica gestures at you while chanting. Pain shoots through your body!
Jessica barely misses you. x2
You barely miss Jessica.
Jessica is heavily wounded.
Jessica casts a spell at you. Pain shoots through your body!
Jessica hits you with a +0 dagger. x2
You slash Jessica!
You kill Jessica!
Your Shields skill increases to level 4!
You have reached level 3!
Your experience leads to an increase in your attributes!
Increase (S)trength, (I)ntelligence, or (D)exterity?
You feel stronger. x2
Sigmund hits you with a +3 scythe of freezing.
* * * LOW HITPOINT WARNING * * *
Sigmund freezes you.
* * * LOW HITPOINT WARNING * * *
You slash Sigmund!
Sigmund is moderately wounded.
Sigmund hits you with a +3 scythe of freezing.
You die...

#.......###### ...
#<...............
#.......[8# ...#
#####.....###.#.##
#..8.∩.8......
##....<......#.
##.....8)......#
#...$..[........
#......@........
#.......@........
#................
#........./........## ..
...................##.
...(..>.............. .
....................##..
.......#...####...[.....
#.#..###....?.#..


You could see Sigmund.

Vanquished Creatures
  Jessica (D:2)
  A worm (D:2)
  3 ball pythons
  2 goblins (D:1)
  A hobgoblin (D:1)
  A quokka (D:1)
  A kobold (D:1)
  A rat (D:1)
11 creatures vanquished.

Notes
Turn   | Place    | Note
-------+----------+-------------------------------------------
     0 | D:1      | browni3141 the Human Fighter began the quest for the Orb.
     0 | D:1      | Reached XP level 1. HP: 18/18 MP: 1/1
   619 | D:1      | Reached XP level 2. HP: 24/24 MP: 2/2
  1180 | D:2      | Noticed Sigmund
  1243 | D:2      | Found Eruts's Magic Scroll Shop.
  1251 | D:2      | Noticed Jessica
  1253 | D:2      | Identified the +0 robe of Follow the Leader {rF+}
  1259 | D:2      | Killed Jessica
  1260 | D:2      | Reached skill level 4 in Shields
  1260 | D:2      | Reached XP level 3. HP: 11/29 MP: 3/3
  1261 | D:2      | Slain by Sigmund

Illustrated notes

Levels and vault maps discovered:
D:1:      heliophobic_arrival_ceremonial_halls, layout_loops_corners,
          hangedman_decor_push, dk_noncrumbling_3
D:2:      layout_rooms, serial_shops, nicolae_shop_statue_plus,
          ebering_ecumenical_altar_box, basic_altar, patterned_corridor,
          uniq_jessica, uniq_sigmund

Skill      XL: |  1  2 |
---------------+-------+-----
Shields        | 4 |  4.4
Fighting       | |  3.0
Long Blades    | |  2.0
Armour         | |  3.0

Action                   || total
-------------------------++-------
Melee: Long sword        ||    31
  Use: Potion            ||     1
Armor: Scale mail        ||     6
Dodge: Dodged            ||    11
Block: Buckler           ||     7

Table legend: (Time is in decaauts)
 A = Elapsed time spent in this place.
 B = Non-inter-level travel time spent in this place.
 C = Inter-level travel time spent in this place.
 D = Time resting spent in this place.
 E = Time spent auto-exploring this place.
 F = Levels seen in this place.
 G = Mean time per level.
                   A        B        C        D        E       F      G
               +--------+--------+--------+--------+--------+-----+--------+
         Total |   1274 |   1188 |     86 |      0 |   1075 |   2 |  637.0 |
       Dungeon |   1274 |   1188 |     86 |      0 |   1075 |   2 |  637.0 |
               +--------+--------+--------+--------+--------+-----+--------+

Top non-repeatable levels by time:
     D:1: 1224 daAuts
     D:2: 50 daAuts
